 Dungeon Crawl Stone Soup version 0.29.1-12-g30fa7ad0bf (webtiles) character file.

Game seed: 951287737307369040

27 hawla the Firebug (level 3, -2/26 HPs)
             Began as a Meteoran Fire Elementalist on Dec 14, 2022.
             Slain by Natasha (8 damage)
             ... on level 3 of the Dungeon.
             The game lasted 00:02:53 (633 turns).

hawla the Firebug (Meteoran Fire Elementalist)       Turns: 633, Time: 00:02:54

Health: -2/26      AC:  3    Str:  9    XL:     3   Next: 44%
Magic:  0/8        EV: 13    Int: 18    God:
Gold:   24         SH:  0    Dex: 21    Spells: 5/8 levels left

rFire   . . .      SeeInvis .   (no weapon)
rCold   . . .      Faith    .   (no shield)
rNeg    . . .      Spirit   .   a - +0 robe
rPois   .          Reflect  .   f - +0 helmet
rElec   .          Harm     .   (no cloak)
rCorr   .          Rampage  .   (no gloves)
Will    +....                   (no boots)
Stlth   +.........              (no amulet)
HPRegen 0.08/turn               d - +6 ring of dexterity
MPRegen 0.11/turn               (no ring)

@: glowing
A: sense surroundings 1, otherworldly, glowing, explore regen, strong-willed 1,
screaming 1
a: no special abilities


You were on level 3 of the Dungeon.
You visited 1 branch of the dungeon, and saw 3 of its levels.

You collected 48 gold pieces.
You spent 24 gold pieces at shops.

Inventory:

Armour
 a - a +0 robe (worn)
 f - a +0 helmet (worn)
Jewellery
 d - a +6 ring of dexterity (left hand)
Scrolls
 e - 2 scrolls of identify
Potions
 c - 2 potions of curing
 g - 2 potions of mutation


   Skills:
 + Level 2.9 Dodging
 - Level 1.4 Stealth
 + Level 3.1 Spellcasting
 + Level 1.4 Conjurations
 + Level 4.4 Fire Magic


You had 5 spell levels left.
You knew the following spells:

 Your Spells              Type           Power      Damage    Failure   Level
a - Foxfire               Conj/Fire      52%        2x1d6     4%          1
b - Scorch                Fire           36%        2d7       4%          2

Your spell library contained the following spells:

 Spells                   Type           Power      Damage    Failure   Level
 Conjure Flame            Conj/Fire      13%        6-21      14%         3
 Inner Flame              Hex/Fire       10%        N/A       21%         3
 Flame Wave               Conj/Fire      13%        2d6       43%         4


Dungeon Overview and Level Annotations

Branches:
Dungeon (3/15) Zot: 1167

Altars:

Shops:
D:3 *

Annotations:
D:3 Natasha


Innate Abilities, Weirdness & Mutations

You passively map a small area around you.
You are easily found by Zot.
You glow in the dark.
You regain HP and MP as you explore.
You are strong-willed. (Will+)
You occasionally shout uncontrollably at your foes.


Message History

Natasha misses you. The crimson imp barely misses you.
The crimson imp closely misses you.
Casting: Scorch (safe; 4% risk of failure)
Confirm with . or Enter, or press ? or * to list all spells.
You conjure some foxfire!
Natasha barely misses you. The crimson imp closely misses you.
The crimson imp hits you but does no damage.
Casting: Foxfire (safe; 4% risk of failure)
Confirm with . or Enter, or press ? or * to list all spells.
Flames lash Natasha.
Natasha is moderately wounded.
Natasha's fire resistance burns away.
The foxfire hits the crimson imp but does no damage.
The foxfire hits Natasha.
Natasha is moderately wounded.
Natasha misses you. The crimson imp barely misses you.
The crimson imp hits you.
* * * LOW HITPOINT WARNING * * *
Casting: Scorch (safe; 4% risk of failure)
Confirm with . or Enter, or press ? or * to list all spells.
Flames lash the crimson imp.
The crimson imp completely resists.
Natasha claws you.
* * * LOW HITPOINT WARNING * * *
The crimson imp completely misses you. The crimson imp barely misses you.
Unknown command.
Casting: Scorch (safe; 4% risk of failure)
Confirm with . or Enter, or press ? or * to list all spells.
You don't know that spell.
Unknown command.
You don't have any unidentified items.
There are monsters nearby!
Natasha stares at you and mumbles some strange words.
You resist with almost no effort. The crimson imp closely misses you.
The crimson imp barely misses you.
The crimson imp attacks as you move away!
The crimson imp hits you but does no damage.
Natasha is no longer more vulnerable to fire.
The crimson imp blinks!
Natasha claws you!
You die...

#'######.# * * #.
#.# .# * * #.# *
, .. ,, , ,* #.#
######.## * * #.#
** #....#.. , ,
#.# , , ..5... *
#.# #...# ** **
,, #.# * #.).#,,
* #.# * #.h@# * *
* #.#, ,#.ยง.# *
#.#,* #.5.# * **
, #.# ,#...# * ,
#.# * ,#...# ,, *
#.# ***** * #...#
, , #.#,, #.###
#.############.#,
#..............#
,


You could see Natasha and 2 crimson imps.

Vanquished Creatures
  3 worms
  An orc (D:3)
  A giant cockroach (D:2)
  4 goblins (D:2)
  2 jackals (D:3)
  3 ball pythons
  A frilled lizard (D:3)
  A kobold (D:3)
  A rat (D:2)
17 creatures vanquished.

Vanquished Creatures (others)
  48 foxfires
48 creatures vanquished.

Grand Total: 65 creatures vanquished

Notes
Turn   | Place    | Note
-------+----------+-------------------------------------------
     0 | D:1      | hawla the Meteoran Fire Elementalist began the quest for
                  | the Orb.
     0 | D:1      | Reached XP level 1. HP: 14/14 MP: 5/5
   115 | D:2      | Reached skill level 4 in Fire Magic
   115 | D:2      | Reached XP level 2. HP: 20/20 MP: 1/6
   120 | D:2      | Learned a level 2 spell: Scorch
   167 | D:3      | Found Torytiz's General Store.
   276 | D:3      | Bought a scroll of identify for 24 gold pieces
   344 | D:3      | Reached XP level 3. HP: 26/26 MP: 1/8
   614 | D:3      | Noticed Natasha
   625 | D:3      | HP: 1/26 [crimson imp[Natasha] (3)]
   627 | D:3      | Gained mutation: Your mind is acute. (Int +4, Str/Dex -1)
                  | [potion of mutation]
   627 | D:3      | Lost mutation: Your mind is acute. (Int +4, Str/Dex -1)
                  | [potion of mutation]
   627 | D:3      | Gained mutation: You occasionally shout uncontrollably at
                  | your foes. [potion of mutation]
   627 | D:3      | Gained mutation: You are strong-willed. (Will+) [potion of
                  | mutation]
   633 | D:3      | Slain by Natasha

Illustrated notes

Levels and vault maps discovered:
D:1:      eino_arrival_tree_alley, layout_basic, minmay_cut_off
D:2:      layout_rooms, hangedman_abyss_or_decor_stabs
D:3:      layout_basic, nicolae_dithmenos_through_a_glass_darkly, serial_shops,
          nicolae_shop_stone, minivault_19, uniq_natasha

Skill      XL: |  1  2 |
---------------+-------+-----
Fire Magic     | 4 |  4.4
Spellcasting   | 3 |  3.1
Dodging        | |  2.9
Stealth        | |  1.4
Conjurations   | |  1.4

Action                   || total
-------------------------++-------
Melee: Unarmed           ||    21
 Cast: Foxfire           ||    29
       Scorch            ||    13
  Use: Potion            ||     3
Armor: Robe              ||     8
Dodge: Dodged            ||    21
